 Dungeon Crawl Stone Soup version 0.23.2-30-g0e89c35649 (webtiles) character file.

Game seed: 11062427520945329448

249 Descartes the Chopper (level 5, -6/42 HPs)
             Began as a Demonspawn Warper on June 10, 2019.
             Mangled by an ice beast (8 damage)
             ... on level 5 of the Dungeon.
             The game lasted 00:09:03 (2749 turns).

Descartes the Chopper (Demonspawn Warper)           Turns: 2749, Time: 00:09:04

Health: -6/42      AC:  4    Str:  9 (12) XL:     5   Next: 87%
Magic:  8/9        EV: 12    Int: 12 (15) God:
Gold:   173        SH:  0    Dex:  9 (12) Spells: 4/9 levels left

rFire    . . .     SeeInvis .   p - +1 hand axe (elec)
rCold    . . .     Gourm    .   (no shield)
rNeg     + . .     Faith    .   u - +2 robe {rN+}
rPois    .         Spirit   .   (helmet restricted)
rElec    .         Reflect  .   (no cloak)
rCorr    .         Harm     .   (no gloves)
MR       +....                  (no boots)
Stlth    +.........             (no amulet)
HPRegen  0.14/turn              c - ring of protection from magic
MPRegen  0.11/turn              (no ring)

@: no status effects
A: beak, high mp 1, powered by pain 1, robust 1, subdued magic 1
a: no special abilities


You were on level 5 of the Dungeon.
You were not hungry.

You visited 1 branch of the dungeon, and saw 5 of its levels.

You collected 173 gold pieces.

Inventory:

Hand Weapons
 l - a +0 dagger of distortion
 p - a +1 hand axe of electrocution (weapon)
 v - a +0 war axe
Missiles
 b - 5 needles of sleeping
 e - 5 tomahawks of dispersal (quivered)
 k - 41 poisoned needles
 o - 105 arrows
Armour
 j - the cursed +1 robe of the Wilderness {rPois, unknown}
   (You found it on level 5 of the Dungeon)

   It protects you from poison.
   It has a curse placed upon it.
 u - a +2 robe of positive energy (worn)
Jewellery
 c - a ring of protection from magic (left hand)
Scrolls
 d - 2 scrolls of blinking
 g - 2 scrolls of identify {unknown}
 h - a scroll of fog {unknown}
 i - 6 scrolls of remove curse {unknown}
 n - 3 scrolls of enchant weapon {unknown}
 s - 2 scrolls of teleportation {unknown}
 t - 2 scrolls of fear {unknown}
Potions
 m - a potion of lignification
 q - a potion of degeneration
Comestibles
 f - 6 rations


   Skills:
 + Level 2.6 Fighting
 * Level 3.1 Axes
 - Level 0.8 Throwing
 * Level 2.4 Armour
 + Level 2.4 Dodging
 + Level 1.3 Stealth
 + Level 2.6 Spellcasting
 + Level 0.9 Hexes
 + Level 0.9 Charms
 + Level 2.9 Translocations


You had 4 spell levels left.
You knew the following spells:

 Your Spells              Type           Power        Failure   Level  Hunger
a - Shroud of Golubria    Chrm/Tloc      #.........   14%         2    ###....
b - Confusing Touch       Hex            #.....       14%         1    #......
c - Blink                 Tloc           N/A          10%         2    ###....

Your spell library contained the following spells:

 Spells                   Type           Power        Failure   Level  Hunger
 Gell's Gravitas          Tloc           #.........   19%         3    ###....
 Lesser Beckoning         Tloc           #.........   19%         3    ###....
 Teleport Other           Tloc           #.......     19%         3    ###....
 Confuse                  Hex            #.......     41%         3    ###....
 Passage of Golubria      Tloc           N/A          54%         4    #####..
 Petrify                  Tmut/Erth      #.......     93%         4    #####..
 Metabolic Englaciation   Hex/Ice        #.........   99%         5    ######.
 Yara's Violent Unravell  Hex/Tmut       #.........   99%         5    ######.


Dungeon Overview and Level Annotations

Branches:
Dungeon (6/15)
 Temple: D:4-7

Altars:
Makhleb
Uskayaw

Shops:
D:5 *

Annotations:
D:5 Pikel


Innate Abilities, Weirdness & Mutations

You sometimes gain a little power by taking damage.
You have a beak for a mouth.
You have an increased reservoir of magic. (+10% MP)
You are robust. (+10% HP)
Your spells are a little easier to cast, but a little less powerful.


Message History

The ice beast closely misses you. The ice beast completely misses you.
Pikel shouts!
The slave shouts!
You hit the ice beast.
The ice beast is lightly wounded.
The ice beast misses you.
You barely miss the ice beast.
The ice beast is lightly wounded.
The ice beast barely misses you.
It was a potion of degeneration.
There was something very wrong with that liquid.
You feel weakened.
You feel dopey.
You feel clumsy. The ice beast misses you.
It was a potion of mutation.
You feel extremely strange.
You feel more energetic.
Your connection to magic feels subdued.
Your mouth lengthens and hardens into a beak!
You feel robust. The ice beast hits you.
* * * LOW HITPOINT WARNING * * *
The ice beast freezes you!
You die...

#. #.# ########.
... ......... #p#
......#.. #.#
......... #p#
......#.. #K#
......#.. #Y#
......... #@#
########. #.# ##
#.# # #.# ### #
#.######...# #
#.....#.# #.## #
#####..#####.#####
#.............
##.#####[#####


You could see Pikel, an ice beast and 2 slaves.

Vanquished Creatures
  A slave (D:5)
  A centaur (D:5)
  A jelly (D:5)
  A centaur skeleton (D:5)
  A worker ant (D:5)
  3 adders (D:3)
  2 dart slugs
  5 leopard geckos
  An orc (D:3)
  6 giant cockroaches
  4 goblins
  11 hobgoblins
  3 jackals (D:1)
  3 ball pythons
  4 bats (D:1)
  4 frilled lizards
  5 kobolds
  2 rats (D:1)
58 creatures vanquished.

Notes
Turn   | Place    | Note
-------+----------+-------------------------------------------
     0 | D:1      | Descartes the Demonspawn Warper began the quest for the
                  | Orb.
     0 | D:1      | Reached XP level 1. HP: 16/16 MP: 3/3
    45 | D:1      | Reached skill level 1 in Armour
   151 | D:1      | Reached skill level 2 in Axes
   191 | D:1      | Gained mutation: You sometimes gain a little power by
                  | taking damage. [demonic ancestry]
   191 | D:1      | Reached XP level 2. HP: 20/22 MP: 5/5
  1216 | D:2      | Reached XP level 3. HP: 27/27 MP: 6/6
  1891 | D:3      | Reached XP level 4. HP: 34/34 MP: 7/7
  1947 | D:3      | Learned a level 2 spell: Shroud of Golubria
  1949 | D:3      | Learned a level 1 spell: Confusing Touch
  1952 | D:3      | Learned a level 2 spell: Blink
  1957 | D:3      | Found a burning altar of Makhleb.
  2172 | D:3      | Found a hide-covered altar of Uskayaw.
  2276 | D:3      | You fall through a shaft for 3 floors!
  2282 | D:5      | Entered Level 5 of the Dungeon
  2315 | D:5      | Reached skill level 1 in Stealth
  2397 | D:5      | Noticed a centaur
  2400 | D:5      | Killed a centaur
  2400 | D:5      | Reached skill level 3 in Axes
  2400 | D:5      | Reached XP level 5. HP: 36/39 MP: 8/8
  2444 | D:5      | Found Pyffau Foso's Assorted Antiques.
  2449 | D:5      | Got a dull robe
  2682 | D:5      | Noticed Pikel
  2682 | D:5      | Noticed a slave
  2682 | D:5      | Noticed a slave
  2682 | D:5      | Noticed a slave
  2682 | D:5      | Noticed a slave
  2715 | D:5      | Killed a slave
  2737 | D:5      | Noticed an ice beast
  2749 | D:5      | Gained mutation: You have an increased reservoir of magic.
                  | (+10% MP) [potion of mutation]
  2749 | D:5      | Gained mutation: Your spells are a little easier to cast,
                  | but a little less powerful. [potion of mutation]
  2749 | D:5      | Gained mutation: You have a beak for a mouth. [potion of
                  | mutation]
  2749 | D:5      | Gained mutation: You are robust. (+10% HP) [potion of
                  | mutation]
  2749 | D:5      | HP: 2/42 [ice beast (2)]
  2749 | D:5      | Mangled by an ice beast

Skill      XL: |  1  2  3  4 |
---------------+-------------+-----
Armour         | 1 2 |  2.4
Axes           | 2 3 |  3.1
Dodging        | 2 |  2.4
Stealth        | 1 |  1.3
Fighting       | |  2.6
Throwing       | |  0.8
Spellcasting   | |  2.6
Hexes          | |  0.9
Charms         | |  0.9
Translocations | |  2.9

Action                   |  1- 3 |  4- 6 || total
-------------------------+-------+-------++-------
Melee: Hand axe          |   124 |    53 ||   177
  Use: Potion            |       |     3 ||     3
  Eat: Chunk             |     3 |     3 ||     6
Armor: Leather armour    |    38 |       ||    38
       Robe              |       |     8 ||     8
Dodge: Dodged            |   105 |    32 ||   137
